 Dungeon Crawl Stone Soup version 0.31-a0-149-g3fdcc5976a (webtiles) character file.

Game seed: 9187664624133201789

18 qw the Shooter (level 2, -1/25 HPs)
             Began as a Minotaur Hunter on June 7, 2023.
             Succumbed to their own poison gas
             ... on level 1 of the Dungeon.
             The game lasted 00:00:10 (648 turns).

qw the Shooter (Minotaur Hunter)                     Turns: 648, Time: 00:00:11

Health: -1/25      AC:  3    Str: 15    XL:     2   Next: 48%
Magic:  1/1        EV: 12    Int:  6    God:
Gold:   84         SH:  0    Dex: 13    Spells: 1/1 levels left

rFire   . . .        Y - +0 shortbow
rCold   . . .        (shield currently unavailable)
rNeg    . . .        c - +0 leather armour
rPois   .            (helmet restricted)
rElec   .            (no cloak)
rCorr   .            (no gloves)
SInv    .            (no boots)
Will    .....        (no amulet)
Stlth   +            (no ring)
HPRegen 0.24/turn    (no ring)
MPRegen 0.07/turn

%: no passive effects
@: lethally poisoned (-1 -> -7), weak-willed
A: horns 2, retaliatory headbutt
a: no special abilities


You were on level 1 of the Dungeon.
You visited 1 branch of the dungeon, and saw 1 of its levels.

You collected 84 gold pieces.


Innate Abilities, Weirdness & Mutations

You have a pair of horns on your head.
You reflexively headbutt those who attack you in melee.


   Skills:
 + Level 2.9 Fighting
 - Level 5.0 Ranged Weapons
 - Level 2.1 Dodging
 - Level 0.7 Stealth


You had one spell level left.
You didn't know any spells.
Your spell library was empty.

Inventory:

Hand Weapons
 Y - a +0 shortbow (weapon)
Armour
 c - a +0 leather armour (worn)
Scrolls
 a - a scroll of identify
Potions
 e - a potion of berserk rage {unknown}
 i - a potion of degeneration {unknown}

Dungeon Overview and Level Annotations

Branches:
Dungeon (1/15)

Altars:

Shops:
D:1 =


Message History

639 ||| READING scroll labelled HOFAAPLU COAST.
As you read the scroll labelled HOFAAPLU COAST, it crumbles to dust.
The air around you briefly surges with heat, but it dissipates.
It was a scroll of immolation.
Done exploring.
640 ||| READING scroll labelled YDGHYA WENLUZEM.
The air fills with toxic fumes!
As you read the scroll labelled YDGHYA WENLUZEM, it crumbles to dust.
It was a scroll of poison.
Done exploring.
641 ||| READING scroll labelled BANOPI DIOCE.
As you read the scroll labelled BANOPI DIOCE, it crumbles to dust.
Magic quickly surges around you.
It was a scroll of vulnerability.
Done exploring.
642 ||| DROPPING scroll of butterflies.
You drop a scroll of butterflies.
Done exploring.
(D) Dungeon
Where to? (* - list waypoints, ? - help)
What level of the Dungeon? (default 1, ? - help) Sorry, I don't know how to get there.
Enter note:
Enter note:
Enter note:
Enter note:
Enter note:
Enter note: Really walk into that cloud of poison gas?
You are engulfed in poison gas.
You are poisoned.
You feel very sick.
644 ||| Stepping ~*~*~tactically~*~*~ (cloud).
You feel very sick.
You see here a scroll of butterflies.
There is a lethal amount of poison in your body!
You feel very sick.
There is a lethal amount of poison in your body!
You feel sick.
There is a lethal amount of poison in your body!
You feel sick.
There is a lethal amount of poison in your body!
You die...

#...[.##.##
####.####%# #¤¤..#
##.## #0####
#...####### #0#
#.......... #¤#
#...####### #0#
########### #0#
#.........# #@#
#.#######.# #¤#
#.# #.. #¤# #.#
#.# #¤# #.# #.#
#¤# #.# #.# #¤#
#.# #.) #¤#
#.#######)# #.#
#........)#
#.#########.#(####


There were no monsters in sight!

Vanquished Creatures
  2 ball pythons (D:1)
  2 bats (D:1)
  4 jackals (D:1)
  A kobold (D:1)
  2 quokkas (D:1)
  3 goblins (D:1)
14 creatures vanquished.

Notes
Turn   | Place    | Note
-------+----------+-------------------------------------------
     0 | D:1      | qw the Minotaur Hunter began the quest for the Orb.
     0 | D:1      | Reached XP level 1. HP: 18/18 MP: 0/0
     0 | D:1      | 0 ||| qw: Version: 0.2-a-117-gc6b5c8b
     0 | D:1      | 0 ||| qw: Game counter: 2606
     0 | D:1      | 0 ||| qw: Always use a shield: true
     0 | D:1      | 0 ||| qw: God list: Okawaru
     0 | D:1      | 0 ||| qw: Allow faded altars: false
     0 | D:1      | 0 ||| qw: Do Orc after D:15 true
     0 | D:1      | 0 ||| qw: Do second Lair branch before Depths: true
     0 | D:1      | 0 ||| qw: Lair rune preference: random
     0 | D:1      | 0 ||| qw: Plans: Normal
     0 | D:1      | 0 ||| PLANNING D:1-11
   246 | D:1      | Reached XP level 2. HP: 25/25 MP: 1/1
   247 | D:1      | Reached skill level 5 in Ranged Weapons
   493 | D:1      | Found Gampogy Utypt's Jewellery Shop.
   498 | D:1      | 498 ||| SHOPLISTING +6 ring of strength (432 gold, have
                  | 84).
   498 | D:1      | 498 ||| SHOPLISTING amulet of the acrobat (360 gold, have
                  | 84).
   498 | D:1      | 498 ||| SHOPLISTING ring of fire (300 gold, have 84).
   498 | D:1      | 498 ||| SHOPLISTING ring of ice (300 gold, have 84).
   498 | D:1      | 498 ||| SHOPLISTING ring of protection from cold (300 gold,
                  | have 84).
   498 | D:1      | 498 ||| SHOPLISTING ring of resist corrosion (240 gold,
                  | have 84).
   498 | D:1      | 498 ||| SHOPLISTING ring of see invisible (180 gold, have
                  | 84).
   638 | D:1      | 638 ||| READING 2 scrolls labelled AHEIXI NOTIWK.
   639 | D:1      | 639 ||| READING scroll labelled HOFAAPLU COAST.
   640 | D:1      | 640 ||| READING scroll labelled YDGHYA WENLUZEM.
   641 | D:1      | 641 ||| READING scroll labelled BANOPI DIOCE.
   642 | D:1      | 642 ||| DROPPING scroll of butterflies.
   644 | D:1      | 644 ||| Stepping ~*~*~tactically~*~*~ (cloud).
   645 | D:1      | HP: 5/25 [poisoned by you (poison gas)]
   647 | D:1      | HP: 1/25 [poisoned by you (poison gas)]
   648 | D:1      | Succumbed to their own poison gas

Levels and vault maps discovered:
D:1:      evilmike_arrival_come_back, layout_loops_ring, serial_shops,
          nicolae_shop_statue_plus

Skill      XL: |  1  2 |
---------------+-------+-----
Ranged Weapons | 5 |  5.0
Fighting       | |  2.9
Dodging        | |  2.1
Stealth        | |  0.7

Action                     || total
---------------------------++-------
   Fire: Shortbow          ||    27
    Use: Scroll            ||     4
 Armour: Leather armour    ||     3
  Dodge: Dodged            ||     3

Table legend:
 A = Non-vault XP
 B = Vault XP
 C = Vault XP percentage of total XP
 D = Non-vault monster count
 E = Vault monster count
 F = Vault count percentage of total count
                 A         B        C        D         E       F
            +---------+---------+-------+---------+---------+-------
      Total |      26 |       0 |   0.0 |      14 |       0 |   0.0
            +---------+---------+-------+---------+---------+-------
        D:1 |      26 |       0 |   0.0 |      14 |       0 |   0.0
            +---------+---------+-------+---------+---------+-------
